 Dungeon Crawl Stone Soup version 0.22.1-2-g9c5b331 (webtiles) character file.

1246 Tiagovsky the Skirmisher (level 8, -2/66 HPs)
             Began as a Minotaur Chaos Knight on Jan 5, 2019.
             Killed by divine providence
             ... invoked by an orc priest
              (14 damage)
             ... on level 6 of the Dungeon.
             The game lasted 00:18:13 (5277 turns).

Tiagovsky the Skirmisher (Minotaur Chaos Knight)    Turns: 5277, Time: 00:18:14

Health: -2/66      AC: 10    Str: 20    XL:     8   Next: 25%
Magic:  7/7        EV:  8    Int: 11    God:    Xom [.....*]
Gold:   245        SH:  0    Dex:  9    Spells: 7/7 levels left

rFire    + . .     SeeInvis .   w - +1 falchion (chaos)
rCold    . . .     Gourm    .   (no shield)
rNeg     . . .     Faith    .   r - +0 chain mail
rPois    .         Spirit   .   (helmet restricted)
rElec    .         Reflect  .   o - scarf {cloud immunity}
rCorr    .         Harm     .   (no gloves)
MR       .....     Clarity  +   (no boots) Stlth ..........Rnd*Tele +
                                n - amulet of rage
HPRegen  0.21/turn              m - ring of attention (curse)
MPRegen  0.10/turn              p - ring of teleportation (curse)

@: no status effects
A: retaliatory headbutt, fangs 1, hooves 1, horns 2, blurry vision 1, clarity,
clever 1, fire resistance 1, frail 1, screaming 1
a: Renounce Religion, Evoke Berserk Rage


You were on level 6 of the Dungeon.
You worshipped Xom.
You were Xom's teddy bear.
You were not hungry.

You visited 2 branches of the dungeon, and saw 7 of its levels.

You collected 245 gold pieces.

Inventory:

Hand Weapons
 q - a +0 hunting sling
 w - a +1 falchion of chaos (weapon)
Missiles
 e - 160 stones (quivered)
 u - 5 tomahawks
Armour
 b - a +3 leather armour
 o - a scarf of cloud immunity (worn)
 r - a +0 chain mail (worn)
Jewellery
 m - a cursed ring of attention (left hand)
 n - an amulet of rage (around neck)
 p - a cursed ring of teleportation (right hand)
 t - an uncursed ring of wizardry
Wands
 h - a wand of polymorph (4)
 j - a wand of clouds (6)
 x - a wand of flame (7)
Scrolls
 g - 4 scrolls of teleportation
 l - 2 scrolls of enchant weapon
 v - a scroll of blinking
 y - 2 scrolls of amnesia
Potions
 a - 4 potions of curing
 d - a potion of cancellation {unknown}
 f - a potion of haste {unknown}
 i - 2 potions of flight {unknown}
 k - a potion of resistance {unknown}
 s - a potion of mutation {unknown}
 z - a potion of agility {unknown}
 B - a potion of brilliance {unknown}
Comestibles
 c - 8 rations
 A - 5 chunks of flesh


   Skills:
 + Level 7.9 Fighting
 + Level 7.7 Long Blades
 + Level 7.2 Armour
 - Level 1.1 Dodging


You had 7 spell levels left.
You didn't know any spells.
Your spell library was empty.

Dungeon Overview and Level Annotations

Branches:
Dungeon (6/15)             Temple (1/1) D:4

Altars:
Cheibriados
Dithmenos
Elyvilon
Fedhas
Hepliaklqana
Makhleb
Nemelex Xobeh
Okawaru
Qazlal
Ru
Sif Muna
Trog
Uskayaw
Vehumet
Wu Jian
Xom
Yredelemnul
Zin
The Shining One

Annotations:
D:3 1 runed door, emiel's ghost, amateur MiFi
D:5 1 runed door, HoaS's ghost, novice GrBe


Innate Abilities, Weirdness & Mutations

You reflexively headbutt those who attack you in melee.
You have a pair of horns on your head.
You have very sharp teeth.
You have large cloven feet.
Scrolls take you a little longer to read.
You possess an exceptional clarity of mind.
Your mind is acute. (Int +2)
Your flesh is heat resistant. (rF+)
You are frail. (-10% HP)
You occasionally shout uncontrollably at your foes.


Message History

Your soul eater barely misses the orc.
The orc throws a tomahawk.
The tomahawk misses your sixfirhy.
The tomahawk barely misses your iron imp.
The tomahawk barely misses you. The tomahawk hits your white imp.
The orc completely misses your soul eater.
Your crimson imp blinks!
Your soul eater hits the orc.
What are your orders? t - Shout!
Orders for allies: a - Attack new target. r - Retreat! s - Stop attacking. g - Guard the area. f - Follow me.
Anything else - Cancel.
Gang up on whom?
Press: ? - help, Dir - move target cursor, f - orc priest
Aim: an orc priest, wielding a mace Attack!
The orc priest invokes the aid of Beogh against you.
Beogh smites you!
You die...

#..# #.#
#.## #.#
#.# #.#
#5# .# #<#
#.# #ยง#
#######.##
.(..>.5@5#
#######.5#
#35# #53#
5 #o#o#
#o.## #..
...# ....


You could see an orc priest, 2 orcs, a friendly soul eater, a friendly sixfirhy,
a friendly iron imp, a friendly quasit, 2 friendly crimson imps, a friendly
white imp and a friendly shadow imp.

Vanquished Creatures
  A sky beast (D:6)
  A necrophage (D:5)
  A centaur (D:6)
  2 ogres (D:5)
  A jelly (D:3)
  A scorpion (D:5)
  A howler monkey (D:5)
  A crimson imp (D:6)
  2 bullfrog skeletons (D:5)
  A hound (D:4)
  A centaur skeleton (D:4)
  3 orc wizards
  3 iguanas
  Natasha (thrice) (D:3)
  3 worker ants
  A hound zombie (D:5)
  3 adders
  An adder skeleton (D:5)
  2 worms
  2 dart slugs
  2 leopard geckos
  16 orcs
  6 bats
  3 giant cockroaches
  4 goblins
  8 hobgoblins
  4 jackals (D:6)
  3 quokkas
  A ball python (D:1)
  2 frilled lizards
  8 kobolds
  2 quokka skeletons
  3 rats
96 creatures vanquished.

Vanquished Creatures (collateral kills)
  An orc warrior (D:6)
  An orc wizard (D:6)
  An orc (D:6)
3 creatures vanquished.

Grand Total: 99 creatures vanquished

Notes
Turn   | Place    | Note
-------+----------+-------------------------------------------
     0 | D:1      | Tiagovsky the Minotaur Chaos Knight began the quest for the
                  | Orb.
     0 | D:1      | Reached XP level 1. HP: 19/19 MP: 0/0
   126 | D:1      | XOM: divination: detect creatures
   192 | D:1      | Reached XP level 2. HP: 26/27 MP: 1/1
   281 | D:1      | You fall through a shaft!
   538 | D:2      | Found a blossoming altar of Fedhas.
  1377 | D:3      | Found a snail-covered altar of Cheibriados.
  1401 | D:3      | Reached XP level 3. HP: 32/34 MP: 2/2
  1447 | D:3      | XOM: harmless Air miscast
  1741 | D:3      | XOM: harmless Summ miscast
  1810 | D:3      | Noticed Natasha
  1816 | D:3      | Killed Natasha
  1816 | D:3      | Reached XP level 4. HP: 26/41 MP: 3/3
  1908 | D:3      | Noticed Natasha
  1923 | D:3      | Killed Natasha
  1923 | D:3      | Reached skill level 5 in Fighting
  2129 | D:3      | Noticed Natasha
  2131 | D:3      | XOM: swap monsters
  2145 | D:3      | Killed Natasha
  2145 | D:3      | Reached skill level 5 in Long Blades
  2145 | D:3      | Reached XP level 5. HP: 48/48 MP: 4/4
  2303 | D:3      | Found a runed door.
  2305 | D:3      | Noticed emiel's ghost (amateur MiFi)
  2328 | D:3      | XOM: noise
  2378 | D:3      | XOM: god gift: wand of clouds (6)
  2736 | D:3      | XOM: give mutations
  2736 | D:3      | Gained mutation: You possess an exceptional clarity of
                  | mind. [Xom's grace]
  2736 | D:3      | Gained mutation: Your mind is acute. (Int +2) [Xom's grace]
  2839 | D:3      | XOM: give mutations
  2839 | D:3      | Gained mutation: You are frail. (-10% HP) [Xom's mischief]
  2839 | D:3      | Gained mutation: Your flesh is heat resistant. (rF+) [Xom's
                  | mischief]
  3074 | D:4      | XOM: stealth player
  3084 | D:4      | XOM: enchant monster (good)
  3148 | D:4      | Reached XP level 6. HP: 51/51 MP: 5/5
  3570 | D:4      | XOM: give mutations
  3570 | D:4      | Gained mutation: You have large cloven feet. [Xom's grace]
  3570 | D:4      | Gained mutation: Your flesh is cold resistant. (rC+) [Xom's
                  | grace]
  3652 | D:4      | XOM: summons friendly shadow imp
  3654 | D:4      | Reached skill level 5 in Armour
  3675 | D:4      | Found a staircase to the Ecumenical Temple.
  3676 | D:4      | XOM: give mutations
  3676 | D:4      | Gained mutation: You occasionally shout uncontrollably at
                  | your foes. [Xom's mischief]
  3676 | D:4      | Lost mutation: Your flesh is cold resistant. (rC+) [Xom's
                  | mischief]
  3676 | D:4      | Gained mutation: Scrolls take you a little longer to read.
                  | [Xom's mischief]
  3676 | D:4      | Gained mutation: You have very sharp teeth. [Xom's
                  | mischief]
  3758 | Temple   | Entered the Ecumenical Temple
  3877 | D:5      | Entered Level 5 of the Dungeon
  4052 | D:5      | XOM: confuse monster(s)
  4063 | D:5      | Reached XP level 7. HP: 54/57 MP: 6/6
  4084 | D:5      | XOM: potion effect (haste)
  4096 | D:5      | XOM: 1-stop teleportation journey
  4368 | D:5      | XOM: silly message
  4477 | D:5      | Found a runed door.
  4486 | D:5      | Noticed HoaS's ghost (novice GrBe)
  4524 | D:5      | Found a sacrificial altar of Ru.
  4648 | D:5      | Found a burning altar of Makhleb.
  4836 | D:6      | Reached XP level 8. HP: 35/65 MP: 7/7
  5112 | D:6      | XOM: divination: detect creatures
  5231 | D:6      | Found a snail-covered altar of Cheibriados.
  5231 | D:6      | Found a glowing silver altar of Zin.
  5265 | D:6      | XOM: summons 8 friendly demons
  5277 | D:6      | Killed from afar by an orc priest

Skill      XL: |  1  2  3  4  5  6  7  8 |
---------------+-------------------------+-----
Fighting       | 4 5 6 7 |  7.9
Long Blades    | 4 5 6 7 |  7.7
Armour         | 3 4 5 6 7 |  7.2
Dodging        | |  1.1

Action                   |  1- 3 |  4- 6 |  7- 9 || total
-------------------------+-------+-------+-------++-------
Melee: Falchion          |    88 |    88 |    86 ||   262
       Headbutt          |    11 |    17 |    20 ||    48
       Kick              |       |     8 |    21 ||    29
       Bite              |       |     1 |    10 ||    11
 Fire: Hunting sling     |     3 |       |       ||     3
Throw: Stone             |    11 |    20 |     8 ||    39
  Use: Scroll            |     7 |     2 |     1 ||    10
 Stab: Petrified         |       |     6 |       ||     6
       Paralysed         |       |     1 |     1 ||     2
  Eat: Chunk             |     3 |     2 |     2 ||     7
       Ration            |       |     2 |       ||     2
Armor: Leather armour    |    24 |       |       ||    24
       Chain mail        |    18 |    34 |    49 ||   101
Dodge: Dodged            |    60 |    22 |    31 ||   113
       Rpst.: Falchion   |    21 |     6 |    11 ||    38
